Cogmind - Beta 10.2 @@@ ROGUE MODE // 2021.03.25 @ 22:35:14 Player: ChromeKnight Result: Destroyed by Y-45 Defender with Beam Rifle Performance ------------- Evolutions (1) 500 Regions Visited (4) 800 Robots Destroyed (31) 155 Value Destroyed (854) 854 Prototype IDs (1) 20 Alien Tech Used (0) 0 Bonus (32) 32 TOTAL SCORE: 2361 Bonus ------- High Alert Combat Kills 32 Cogmind --------- Core Integrity 0/400 Matter 193/300 Energy 126/265 System Corruption 0% Temperature Cool (9) Movement Walking (150) Ox1 Location -9/Storage Parts ------- > --- POWER (1) -------- Improved Ion Engine > --- PROPULSION (2) --- Aluminum Leg Aluminum Leg > --- UTILITY (4) ------ Cooling System Small Storage Unit Salvage Targeting Computer Targeting Computer > --- WEAPON (2) ------- Guided EMP Blaster > --- INVENTORY (6) ---- Improved Hover Unit Improved Hover Unit Improved Hover Unit Improved Hover Unit Experimental Sensor Array Small Laser Peak State ------------ > --- POWER ------------ Improved Ion Engine > --- PROPULSION ------- Aluminum Leg Aluminum Leg > --- UTILITY ---------- Cooling System Small Storage Unit Salvage Targeting Computer Targeting Computer > --- WEAPON ----------- Guided EMP Blaster > --- INVENTORY -------- Improved Hover Unit Improved Hover Unit Improved Hover Unit Improved Hover Unit Experimental Sensor Array Small Laser [Rating: 23] Favorites ----------- Power Light Ion Engine Engine Light Ion Engine Propulsion Aluminum Leg Leg Aluminum Leg Utility Small Storage Unit Device Heat Sink Storage Small Storage Unit Processor Targeting Computer Protection Core Shielding Weapon Autogun Energy Gun Beam Rifle Ballistic Gun Autogun Launcher Guided EMP Blaster Build | -11 -10 -10 -9 -9 ------- Run | Scr Mat Min Mat Sto Slots Evolved 2 | . . . 2 . Power . | . . . . . Propulsion . | . . . . . Utility 2 | . . . 2 . Weapon . | . . . . . Parts Attached 36 | 6 3 5 20 2 Power 6 | 1 . 1 3 1 Engine 6 | 1 . 1 3 1 Core . | . . . . . Reactor . | . . . . . Propulsion 12 | 2 . 1 9 . Treads . | . . . . . Leg 12 | 2 . 1 9 . Wheel . | . . . . . Hover . | . . . . . Flight . | . . . . . Utility 8 | 1 1 3 3 . Device 2 | . . . 2 . Storage 2 | 1 . 1 . . Processor 3 | . 1 1 1 . Hackware . | . . . . . Protection 1 | . . 1 . . Artifact . | . . . . . Weapon 10 | 2 2 . 5 1 Energy Gun 3 | . . . 3 . Energy Cannon . | . . . . . Ballistic Gun 6 | 2 2 . 2 . Ballistic Cannon . | . . . . . Launcher 1 | . . . . 1 Special Weapon . | . . . . . Impact Weapon . | . . . . . Slashing Weapon . | . . . . . Piercing Weapon . | . . . . . Special Melee Weapon . | . . . . . Unidentified Prototypes 1 | . . . . 1 Parts Lost 6 | . . 1 5 . Power 1 | . . . 1 . Propulsion 1 | . . . 1 . Utility 1 | . . 1 . . Weapon 3 | . . . 3 . Highest Loss Streak 3 | . . 1 3 . Average Slot Usage (%) 96 | . 89 99 91 92 Engine 12 | . 14 14 10 11 Leg 25 | . 28 28 20 22 Device 2 | . . . 6 11 Storage 12 | . 14 13 11 11 Processor 15 | . 5 13 22 22 Energy Gun 2 | . . . 6 4 Ballistic Gun 22 | . 27 28 14 4 Naked Turns . | . . . . . Heaviest Build 23 | 10 13 15 17 23 Greatest Support 20 | 20 20 20 20 20 Greatest Overweight (x) 1 | 1 . . 1 1 Average Overweight (x) . | . . . . . Largest Inventory Capacity 6 | 6 6 6 6 6 Average Capacity 5 | 5 6 5 6 6 Most Carried 6 | 1 6 6 6 6 Average Carried 5 | . 2 5 5 6 Final Capacity 6 | 6 6 6 6 6 Final Carried 6 | 1 6 5 6 6 Class Distribution -------------------- 84% | Mutant 15% | Scavenger-Mutant Dominant Class ---------------- Mutant | -10/Materials Mutant | -10/Mines Mutant | -9/Materials Mutant | -9/Storage Resources | -11 -10 -10 -9 -9 ----------- Run | Scr Mat Min Mat Sto Matter Collected 970 | 161 . 343 426 40 Remotely . | . . . . . Salvage Created 1241 | . . 268 786 187 Parts 74 | . . 16 46 12 Haulers Intercepted 1 | . . . 1 . Recyclers Shooed 2 | . . . 1 1 Parts Field Recycled . | . . . . . Retrieved Matter . | . . . . . Parts Self-Destructed . | . . . . . Prevented . | . . . . . Kills | -11 -10 -10 -9 -9 ------- Run | Scr Mat Min Mat Sto Combat Hostiles Destroyed 26 | . . 8 17 1 Guns 25 | . . 8 17 . AOE 1 | . . . . 1 Classes Destroyed 7 | . . 3 2 2 Worker 2 | . . . . 2 Hauler 1 | . . . 1 . Recycler 1 | . . . . 1 Watcher 1 | . . . 1 . Swarmer 6 | . . 3 3 . Grunt 15 | . . 3 12 . Sentry 5 | . . 2 2 1 Best Kill Streak 9 | . . 3 9 3 Combat Bots Only 9 | . . 3 9 1 Max Kills in Single Turn 2 | . . 1 1 2 Gunslinging . | . . . . . Exploded 1 | . . . . 1 Melee . | . . . . . Uniques/NPCs Destroyed . | . . . . . Combat | -11 -10 -10 -9 -9 -------- Run | Scr Mat Min Mat Sto Damage Taken 1533 | . 49 250 1027 207 Core 464 | . . 55 343 66 Absorbed by Shields . | . . . . . Core Remaining (%) 89 | 100 . 78 . . Volleys Fired 86 | . 1 21 59 5 Largest 2 | . 2 2 2 1 Hottest 79 | . 46 46 79 50 Shots Fired 149 | . 2 42 100 5 Gun 144 | . 2 42 100 . Cannon . | . . . . . Launcher 5 | . . . . 5 Special . | . . . . . Kinetic 118 | . 2 42 74 . Thermal 26 | . . . 26 . Explosive . | . . . . . Electromagnetic 5 | . . . . 5 Robot Hit Streak 12 | . 1 9 12 11 Robot Miss Streak 3 | . 1 2 3 . Penetration Max . | . . . . . Secondary Targets 2 | . . 1 1 . Max Gunslinging Chain 1 | . . 1 1 . Shots Hit Robots 101 | . 1 25 72 3 Core Hits 44 | . . 11 29 4 Critical Hits 1 | . . . 1 . Critical Kills . | . . . . . Critical Parts Destroyed 1 | . . . 1 . Melee Attacks . | . . . . . Impact . | . . . . . Slashing . | . . . . . Piercing . | . . . . . Sneak Attacks . | . . . . . Combat Hostiles . | . . . . . Follow-up Attacks . | . . . . . Damage Inflicted 1726 | . . 371 1098 257 Guns 1469 | . . 371 1098 . Cannons . | . . . . . Explosions 257 | . . . . 257 Melee . | . . . . . Ramming . | . . . . . Kinetic 1224 | . . 371 853 . Thermal 245 | . . . 245 . Explosive . | . . . . . Electromagnetic 257 | . . . . 257 Impact . | . . . . . Slashing . | . . . . . Piercing . | . . . . . Highest Corruption . | . . . . . Average Corruption . | . . . . . Corruption Purged . | . . . . . Overload Shots . | . . . . . Overflow Damage 6 | . . . . 6 Projectiles . | . . . . . Explosions 6 | . . . . 6 Melee . | . . . . . Knockbacks . | . . . . . Impact . | . . . . . Kinetic . | . . . . . Secondary . | . . . . . Self-Inflicted Damage 12 | . . . . 12 Shots 2 | . . . . 2 Rammed . | . . . . . Targets Rammed . | . . . . . Kicked . | . . . . . Crushed . | . . . . . Highest Temperature 121 | . 6 34 121 . Average Temperature 25 | . 4 11 33 . Received Heat Transfer 576 | . 12 72 438 54 Siege Activations . | . . . . . Robots Corrupted . | . . . . . Combat Hostiles . | . . . . . Parts Fried 1 | . . . . 1 Impact Corruptions . | . . . . . Robots Melted . | . . . . . Combat Hostiles . | . . . . . Parts Melted . | . . . . . Heat Transferred 617 | . . . 617 . Parts Sabotaged . | . . . . . Parts Stolen . | . . . . . Parts Stripped . | . . . . . Power Chain Reactions . | . . . . . Missiles Intercepted . | . . . . . Alert | -11 -10 -10 -9 -9 ------- Run | Scr Mat Min Mat Sto Peak Influence 480 | . 15 120 480 234 Initial 137 | . . 5 46 137 Average 105 | . 2 42 278 182 Maximum Alert Level 2 | . . . 2 1 Low Security (%) 80 | 100 100 100 32 58 Level 1 14 | . . . 48 41 Level 2 4 | . . . 18 . Level 3 . | . . . . . Level 4 . | . . . . . Level 5 . | . . . . . High Security . | . . . . . Max Security . | . . . . . Squads Dispatched 6 | . 1 . 4 1 Investigation 1 | . . . 1 . Extermination . | . . . . . Reinforcement 5 | . 1 . 3 1 Assault . | . . . . . Garrison . | . . . . . Intercept . | . . . . . Construction Impeded . | . . . . . Haulers Reinforced . | . . . . . Stealth | -11 -10 -10 -9 -9 --------- Run | Scr Mat Min Mat Sto Distress Signals 7 | . 2 2 1 2 Communications Jammed . | . . . . . Distress Signals . | . . . . . Times Spotted 45 | . 4 8 26 7 Peak Tracking Total 7 | . 4 2 7 4 Tactical Retreats 2 | . . 1 1 . Traps | -11 -10 -10 -9 -9 ------- Run | Scr Mat Min Mat Sto Traps Triggered 1 | . . . 1 . Indirectly . | . . . . . Trap Hack Attempts . | . . . . . Triggered . | . . . . . Disarmed . | . . . . . Reprogrammed . | . . . . . Reused . | . . . . . Traps Extracted . | . . . . . Installed . | . . . . . Triggered . | . . . . . Machines | -11 -10 -10 -9 -9 ---------- Run | Scr Mat Min Mat Sto Machines Disabled 2 | . . . 1 1 Max in Single Turn 1 | . . . 1 1 Machines Sabotaged . | . . . . . Garrisons Compromised . | . . . . . Overloaded Fab Kills . | . . . . . Fab Network Shutdowns . | . . . . . Hacking | -11 -10 -10 -9 -9 --------- Run | Scr Mat Min Mat Sto Machines Accessed 6 | . 1 . 1 4 Terminals 6 | . 1 . 1 4 Fabricators . | . . . . . Repair Stations . | . . . . . Recycling Units . | . . . . . Scanalyzers . | . . . . . Garrison Access . | . . . . . Total Hacks 10 | . 1 . 2 7 Successful 5 | . . . 2 3 Failed 5 | . 1 . . 4 Catastrophic 2 | . 1 . . 1 Database Lockouts . | . . . . . Manual 3 | . 1 . 1 1 Terminals 10 | . 1 . 2 7 Fabricators . | . . . . . Repair Stations . | . . . . . Recycling Units . | . . . . . Scanalyzers . | . . . . . Garrison Access . | . . . . . Terminal Hacks 5 | . . . 2 3 Open Door 3 | . . . . 3 Recall Reinforcements 1 | . . . 1 . Zone Layout 1 | . . . 1 . Fabricator Hacks . | . . . . . Repair Station Hacks . | . . . . . Recycling Unit Hacks . | . . . . . Scanalyzer . | . . . . . Garrison Access Hacks . | . . . . . Unauthorized Hacks . | . . . . . Terminals . | . . . . . Fabricators . | . . . . . Repair Stations . | . . . . . Recycling Units . | . . . . . Scanalyzers . | . . . . . Garrison Access . | . . . . . Data Cores Recovered . | . . . . . Used . | . . . . . Hacking Detections 5 | . 1 . 1 3 Full Trace Events . | . . . . . Feedback Events . | . . . . . Feedback Blocked . | . . . . . Robot Schematics Acquired . | . . . . . Robots Built . | . . . . . Matter . | . . . . . Time . | . . . . . Total Robot Build Rating . | . . . . . Part Schematics Acquired . | . . . . . Parts Built . | . . . . . Matter . | . . . . . Time . | . . . . . Total Part Build Rating . | . . . . . Parts Repaired . | . . . . . Time . | . . . . . Parts Recycled . | . . . . . Recycled Matter . | . . . . . Retrieved Matter . | . . . . . Retrieved Components . | . . . . . Parts Scanalyzed . | . . . . . Part Schematics Acquired . | . . . . . Parts Damaged . | . . . . . Bothacking | -11 -10 -10 -9 -9 ------------ Run | Scr Mat Min Mat Sto Used RIF Installer . | . . . . . Robots Hacked . | . . . . . Non-combat . | . . . . . Combat . | . . . . . Robot Hacks Applied . | . . . . . Relay Couplers Released . | . . . . . Robots Rewired . | . . . . . Allies Hacked . | . . . . . Hacks Repelled . | . . . . . Allies | -11 -10 -10 -9 -9 -------- Run | Scr Mat Min Mat Sto Total Allies . | . . . . . Largest Group . | . . . . . Highest-Rated Group . | . . . . . Highest-Rated Ally . | . . . . . Total Orders . | . . . . . Ally Attacks . | . . . . . Total Damage . | . . . . . Kills . | . . . . . Allies Corrupted . | . . . . . Allies Melted . | . . . . . Intel | -11 -10 -10 -9 -9 ------- Run | Scr Mat Min Mat Sto Robot Analysis Total . | . . . . . Derelict Logs Recovered 1 | . . 1 . . Drone Launches . | . . . . . Drone Recoveries . | . . . . . Exploration | -11 -10 -10 -9 -9 ------------- Run | Scr Mat Min Mat Sto Turns Passed 2001 | 54 138 1177 482 150 Spaces Moved 756 | 41 91 313 224 87 Core 8 | 8 . . . . Treads . | . . . . . Legs 748 | 33 91 313 224 87 Wheels . | . . . . . Hover . | . . . . . Flight . | . . . . . Fastest Speed 50 | 50 120 120 120 120 Average Speed 121 | 110 120 120 121 135 Slowest Speed 150 | 120 120 120 150 150 Overloaded Moves . | . . . . . Propulsion Burnouts . | . . . . . Robots Hopped . | . . . . . Cave-ins Triggered . | . . . . . Exploration Rate (%) 26 | 3 24 72 15 16 Regions Visited 4 Branch Regions 2 Pre-discovered Areas . | . . . . . Known Exits Taken . | . . . . . Unknown Exits Taken 4 | 1 1 1 1 . Scrap Searched . | . . . . . Spaces Dug . | . . . . . Terrain Destroyed . | . . . . . Melee . | . . . . . Projectile . | . . . . . AOE . | . . . . . Terrain Rammed . | . . . . . Walls Destroyed . | . . . . . Machines Disabled . | . . . . . Actions | -11 -10 -10 -9 -9 --------- Run | Scr Mat Min Mat Sto Total 1714 | 47 118 1082 352 115 Wait 795 | . 13 735 29 18 Move 752 | 40 90 312 223 87 Hop . | . . . . . Pick Up 17 | 1 7 3 6 . Fast Attach 19 | 6 3 3 6 1 Attach 2 | . . . 2 . Detach . | . . . . . Swap 15 | . . 2 12 1 Drop 28 | . 4 6 15 3 Fire 86 | . 1 21 59 5 Melee . | . . . . . Ram . | . . . . . Kick . | . . . . . Crush . | . . . . . Escape Stasis . | . . . . . Rewire . | . . . . . Trap . | . . . . . Miscellaneous . | . . . . . Route ------- -11/Scrapyard -10/Materials -10/Mines -9/Materials (discovered 2 exits: Mat / *Sto) -9/Storage History --------- Turn | Location | Event 15 | -11/Scrapyard | Discovered new exit (range 15) 55 | -11/Scrapyard | Entered Materials 141 | -10/Materials | Discovered new exit (range 15) 193 | -10/Materials | Entered Mines 260 | -10/Mines | Excavation squad dispatched 260 | -10/Mines | A large section of the Mines collapsed 302 | -10/Mines | Build established: Mutant 510 | -10/Mines | Excavation squad dispatched 760 | -10/Mines | Excavation squad dispatched 1010 | -10/Mines | Excavation squad dispatched 1015 | -10/Mines | Found a damaged Exp. Sensor Array with a note attached 1018 | -10/Mines | Found Prototype Device 1251 | -10/Mines | Learned location of 1 exit from Materials 1260 | -10/Mines | Excavation squad dispatched 1344 | -10/Mines | Discovered new exit (range 7) 1370 | -10/Mines | Entered Materials 1370 | -9/Materials | Evolved 2 slots: Utility x2 1371 | -9/Materials | Identified exit to Materials 1553 | -9/Materials | Lost 3 parts (1n2w) 1562 | -9/Materials | Destroyed 9 combat bots 1706 | -9/Materials | Core integrity fell below 50% 1825 | -9/Materials | Discovered new exit (range 5) 1827 | -9/Materials | Core integrity fell below 20% 1852 | -9/Materials | Entered Storage 2002 | -9/Storage | Destroyed by Y-45 Defender with Beam Rifle Last Messages --------------- 01965_ R-06 Scavenger collects Heat Sink. 01966_ R-06 Scavenger collects Lgt. Treads. 01973_ K-01 Serf cleans the Terminal. 01981_ Destroyed Hover Unit. 01981_ Transfer Shaft disabled. 01981_ K-01 Serf destroyed. 01981_ Door malfunctions. 01986_ W-16 Scout sends out distress signal. 01988_ U-05 Engineer repairs door. 01990_ U-05 Engineer lays Concrete. 01990_ K-01 Serf collects debris. 01991_ U-05 Engineer lays Concrete. 01995_ Y-45 Defender misfires. 01996_ U-05 Engineer lays Concrete. 01997_ R-06 Scavenger collects Wheel. 01998_ U-05 Engineer lays Concrete. 01999_ K-01 Serf collects debris. 02000_ R-06 Scavenger collects Lgt. Ion Engine. 02000_ R-06 Scavenger collects Wheel. 02001_ U-05 Engineer lays Concrete. Map ----- +----------------------------------------------------+ | ?????????????????????????????????????????????????? | | ?????????????????????????????????????????????????? | | ?????????????????????????????????????????????????? | | ?????????????????????????????????????????????????? | | ?????????????????????????????????????????????????? | | ????????? ???????????????????????????????????????? | | ????????? ???????????????????????????????????????? | | ????????? ???????????????????????????????????????? | | ????????? ???????????????????????????????????????? | | ????????? ??????????? T ?????????????????????????? | | ????????? ?????????? ????????????????????????? | | ?????????/######???? ????????????????????????? | | ????????? #????# #????????????????????????? | | ????????"" ###??# #????????????????????????? | | ??????#""" ""#??# #????????????????????????? | | ??????#""" ""#??# #????????????????????????? | | ####??#""" T"#??# #???????????????##???????? | | !!!#??#""" ""#??# #??????##????? ????????? | | #??# ""#??# #######T#### ????????? | | !!!#??# #????# # + ?????????? | | ?###??# #????# # rrur #??????????????? | | #########+##/######## # k #??????????????? | | % # k Y #??????????????? | | ! + """ #??????????????? | | # Y """ #??????????????? | | #########T####/##########@"" """ #??????????????? | | T#??????###??# T#???????# g #??????????????? | | ##???????????# ##???????###########??????????????? | | #????????????# #?????????????????????????????????? | | #????????????###?????????????????????????????????? | | #????????????????????????????????????????????????? | | ?????????????????????????????????????????????????? | | ?????????????????????????????????????????????????? | | ?????????????????????????????????????????????????? | | | | | | | | | | | | | | | | | | | | | | | | | | | | | | | | | +----------------------------------------------------+ Best States ------------- Heat Dissipation 50 Energy Generation 12 Energy Capacity 265 Matter Stores 300 Matter Capacity 300 Sight Range 16 Terrain Scan Density 10 Core Shielding 20 Evasion (%) 40 Targeting Accuracy 5 Salvage Targeting 1 Item Schematics ----------------- None Robot Schematics ------------------ None Fabricated ------------ Nothing Alien Tech Used ----------------- None Achievements -------------- None Challenges ------------ None Game ------ Seed DimensionalThermalSystem Manual? 0 Play Time 00:11:57 Cumulative 91.5 hours Start 2021.03.25 @ 16:17:18 End 2021.03.25 @ 22:35:14 Sessions 3 Manual Loads 0 Difficulty Rogue Special Mode None Game No. 239 Rogue 86 Adventurer 148 Explorer 5 Win Type - Total 1 Types 1/0/0/0/0/0/0/0/0 Lore% 56 Gallery% 65 Achievement% 52 Wizard Run 0 Options --------- ASCII 0 Keyboard 0 Movement Numpad Keybinds 0 Fullscreen 1 Font 14/X11 Map View 84x54 Tactical HUD 1 Map Filters NONE Filters NONE Steam 1 RUN: 728fea6b-a4d7-47e1-b31b-16ed8824724b